 Dungeon Crawl Stone Soup version 0.29-a0-82-g837932c90e (webtiles) character file.

Game seed: 17616964043013288819

45 lordive the Ducker (level 3, 0/19 HPs)
             Began as a Spriggan Abyssal Knight on Feb 5, 2022.
             Was a Believer of Lugonu.
             Slain by an adder (2 damage)
             ... on level 2 of the Dungeon.
             The game lasted 00:02:13 (1606 turns).

lordive the Ducker (Spriggan Abyssal Knight)        Turns: 1606, Time: 00:02:13

Health: 0/19       AC:  2    Str:  9    XL:     3   Next: 42%
Magic:  5/5        EV: 18    Int: 13    God:    Lugonu [**....]
Gold:   80         SH:  0    Dex: 15    Spells: 2/2 levels left

rFire   . . .      SeeInvis +   a - +1 short sword
rCold   . . .      Faith    .   (no shield)
rNeg    . . .      Spirit   .   b - +0 robe
rPois   .          Reflect  .   (helmet restricted)
rElec   .          Harm     .   (no cloak)
rCorr   .          Rampage  .   (gloves unavailable)
Will    .....                   (boots unavailable)
Stlth   +.........              (no amulet)
HPRegen 0.06/turn               (no ring)
MPRegen 0.09/turn               (no ring)

@: mighty, lethally poisoned (0 -> -5), very quick
A: very small, no large weapons, unfitting armour, see invisible, speed 3
a: Renounce Religion, Depart the Abyss, Bend Space


You were on level 2 of the Dungeon.
You worshipped Lugonu.
Lugonu was pleased with you.
You visited 1 branch of the dungeon, and saw 2 of its levels.
You visited the Abyss 1 time.

You collected 80 gold pieces.

Inventory:

Hand Weapons
 a - a +1 short sword (weapon)
Armour
 b - a +0 robe (worn)
Scrolls
 e - a scroll of blinking {unknown}
 f - 2 scrolls of fog {unknown}
 g - a scroll of holy word {unknown}
 i - 2 scrolls of enchant armour {unknown}
Potions
 h - a potion of lignification {unknown}


   Skills:
 * Level 2.7 Fighting
 * Level 2.8 Short Blades
 * Level 0.5 Armour
 * Level 3.8 Dodging
 * Level 0.2 Shields
 * Level 0.2 Spellcasting
 * Level 0.7 Translocations
 * Level 1.9 Invocations


You had 2 spell levels left.
You didn't know any spells.
Your spell library was empty.

Dungeon Overview and Level Annotations

Branches:
Dungeon (2/15)

Altars:


Innate Abilities, Weirdness & Mutations

You are very small and have problems with some larger weapons.
You are too small for most types of armour.
You have supernaturally acute eyesight. (SInv)
You cover ground extremely quickly. (Speed+++)


Message History

The giant cockroach closely misses you. The adder barely misses you.
You closely miss the adder.
The adder is moderately wounded.
The giant cockroach barely misses you. The adder completely misses you.
You barely miss the adder.
The adder is moderately wounded.
The adder bites you.
You are poisoned.
The adder poisons you! The giant cockroach bites you.
You hit the adder.
The adder is severely wounded.
You feel sick. The adder bites you.
You are lethally poisoned!
The adder poisons you! The giant cockroach closely misses you.
You are too injured to fight recklessly!
You are too injured to fight recklessly!
You are too injured to fight recklessly!
You are too injured to fight recklessly!
You are too injured to fight recklessly!
You are too injured to fight recklessly!
You are too injured to fight recklessly!
You are too injured to fight recklessly!
You are too injured to fight recklessly!
You are too injured to fight recklessly!
You are too injured to fight recklessly!
You are too injured to fight recklessly!
You are too injured to fight recklessly!
Unknown command.
You feel sick.
* * * LOW HITPOINT WARNING * * *
You feel sick.
It was a potion of might.
You feel very mighty all of a sudden.
* * * LOW HITPOINT WARNING * * *
You feel sick. The adder closely misses you.
The giant cockroach bites you but does no damage.
It was a potion of magic.
Magic courses through your body.
* * * LOW HITPOINT WARNING * * *
You feel sick. The adder bites you.
You die...

##.....###.....###
#.......#.......#.
#.......#.......#.
#.......#.......#.
##..)..###.†.†.### #
##...## ##...## # #..
####'#######'#####
#....####.................
........S@................
......).B.................
.........###+#######'#####
....#....# ##...## ...
#.#### ##..†..## .. #.
#.......# . ## #.......#
#.......# ##.....##


You could see an adder and a giant cockroach.

Vanquished Creatures
  A worm (D:2)
  A dart slug (D:1)
  7 bats
  2 endoplasms (D:1)
  2 goblins (D:2)
  2 hobgoblins
  6 jackals (D:2)
  3 quokkas
  4 ball pythons (D:1)
  2 frilled lizards
  2 kobolds
  3 rats
35 creatures vanquished.

Vanquished Creatures (others)
  4 toadstools (D:1)
4 creatures vanquished.

Grand Total: 39 creatures vanquished

Notes
Turn   | Place    | Note
-------+----------+-------------------------------------------
     0 | Abyss:1  | lordive the Spriggan Abyssal Knight began the quest for the
                  | Orb.
     0 | Abyss:1  | Reached XP level 1. HP: 11/11 MP: 3/3
    33 | Abyss:2  | Found a corrupted altar of Lugonu.
   105 | Abyss:2  | Noticed a spatial vortex
   140 | Abyss:2  | Noticed a starcursed mass
   165 | D:1      | Escaped the Abyss
   291 | D:1      | Reached * piety under Lugonu
   397 | D:1      | Reached XP level 2. HP: 16/16 MP: 4/4
  1134 | D:2      | Reached XP level 3. HP: 19/19 MP: 5/5
  1477 | D:2      | Reached ** piety under Lugonu
  1606 | D:2      | Slain by an adder

Illustrated notes

Levels and vault maps discovered:
D:1:      ldierk_walled_garden_2, layout_rooms
D:2:      kennysheep_six_static_rooms, layout_basic,
          hellmonk_ecumenical_altar_crossroads, basic_altar, minivault_14,
          chequers_serial_rivers_small_3, uniq_robin

Action                   || total
-------------------------++-------
Melee: Short sword       ||   150
Invok: Depart the Abyss  ||     1
  Use: Potion            ||     2
 Stab: Sleeping          ||     1
Armor: Robe              ||    24
Dodge: Dodged            ||   173

Table legend: (Time is in decaauts)
 A = Elapsed time spent in this place.
 B = Non-inter-level travel time spent in this place.
 C = Inter-level travel time spent in this place.
 D = Time resting spent in this place.
 E = Time spent auto-exploring this place.
 F = Levels seen in this place.
 G = Mean time per level.
                   A        B        C        D        E       F      G
               +--------+--------+--------+--------+--------+-----+--------+
         Total |   1269 |   1252 |     17 |      4 |    919 |   4 |  317.2 |
       Dungeon |   1165 |   1148 |     17 |      0 |    919 |   2 |  582.5 |
         Abyss |    104 |    104 |      0 |      4 |      0 |   2 |   52.0 |
               +--------+--------+--------+--------+--------+-----+--------+

Top non-repeatable levels by time:
     D:1: 623 daAuts
     D:2: 541 daAuts
 Abyss:2: 86 daAuts
 Abyss:1: 17 daAuts
